AoeStats
← EdadCoñal

Pilgrims

509148654Analyzed
2v2 RM · 6d ago on Sep 25, 2026· 22m 53s· 4 players
Game mode
Random Map
Map size
Medium (4 player)
Population
200
Speed
Normal
Resources
Standard
Victory
Conquest
Starting age
Dark Age
Ending age
Imperial Age
RankedLock teamsTeams togetherTeam positionsShared explorationLock speedFull tech treeHidden civsTurbo modeCheats
Victory
Defeat
🇨🇴 Italians · Colombia
823
+13
🇦🇷 Vikings · Argentina
816
+13
🇪🇸 Danes · Spain
779
-13
🇪🇸 Vikings · Spain
742
-13
-»Doρa«-
5:01 Loom
10:51 Feudal Age
13:01 Double-Bit Axe
18:00 Castle Age
17:12 Gold Mining
18:48 Scale Barding Armor
19:43 Bow Saw
CrishsrO
5:13 Loom
10:48 Feudal Age
11:38 Man-at-Arms
12:12 Fishing Lines
12:38 Double-Bit Axe
18:21 Castle Age
17:15 Stone Mining
17:55 Fletching
18:17 Forging
18:09 Padded Archer Armor
21:06 Bodkin Arrow
22:31 Squires
22:18 Arson
23:32 Scale Mail Armor
EdadCoñal
10:43 Loom
13:35 Feudal Age
19:10 Castle Age
La Polla Persa
12:39 Feudal Age
13:40 Horse Collar
17:30 Gold Mining
17:29 Double-Bit Axe
17:27 Fishing Lines
18:41 Man-at-Arms
Connection lost

Rejoining the realm…

Still unreachable

The connection could not be restored.

Session expired

The server has moved on; the page needs a fresh start.